 Dungeon Crawl Stone Soup version 0.20-a0-463-g5747544 (console) character file.

86 zxpr0jk the Ducker (level 4, -6/38 HPs)
             Began as a Draconian Berserker on Jan 10, 2017.
             Was a Believer of Trog.
             Killed by divine providence
             ... invoked by an orc priest
              (12 damage)
             ... on level 3 of the Dungeon on Jan 11, 2017.
             The game lasted 00:04:52 (1755 turns).

zxpr0jk the Ducker (Draconian Berserker)            Turns: 1755, Time: 00:04:53

Health: -6/38      AC:  8    Str: 20    XL:     4   Next: 26%
Magic:  4/4        EV: 13    Int: 12    God:    Trog [**....]
Gold:   96         SH:  4    Dex: 11    Spells: 3/3 levels left

rFire  . . .     SeeInvis .     a - +0 falchion
rCold  . . .     Gourm    .     (armour unavailable)
rNeg   . . .     Faith    .     d - +0 buckler
rPois  +         Spirit   .     (helmet restricted)
rElec  .         Reflect  .     g - +2 cloak {rPois}
rCorr  .         Harm     .     (no gloves)
MR     .....                    (no boots)
Stlth  +.........               (no amulet)
                                (no ring)
                                (no ring)

@: brilliant, exhausted, starving, slowed, very slow
A: unfitting armour, cold-blooded, AC +5
a: Berserk, Trog's Hand, Burn Spellbooks, Renounce Religion


You were on level 3 of the Dungeon.
You worshipped Trog.
Trog was pleased with you.
You were starving.

You visited 1 branch of the dungeon, and saw 3 of its levels.

You collected 96 gold pieces.

Inventory:

Hand Weapons
 a - a +0 falchion (weapon)
Armour
 d - a +0 buckler (worn)
 g - a +2 cloak of poison resistance (worn)
Jewellery
 i - an uncursed ring of flight {unknown}
Scrolls
 c - 2 scrolls of identify {unknown}
 f - a scroll of random uselessness {unknown}
 h - a scroll of fog {unknown}
 j - a scroll of amnesia {unknown}
Comestibles
 b - 2 bread rations


   Skills:
 - Level 3.2 Fighting
 - Level 3.3 Long Blades
 + Level 3.8 Dodging
 + Level 2.2 Shields


You had 3 spell levels left.
You didn't know any spells.

Dungeon Overview and Level Annotations

Branches:
Dungeon (3/15)

Altars:
Trog


Innate Abilities, Weirdness & Mutations

Your plain brown scales are hard. (AC +5)
You cannot fit into any form of body armour.
You are cold-blooded and may be slowed by cold attacks.


Message History

You butcher the hobgoblin corpse.
The orc throws a steel tomahawk.
The steel tomahawk closely misses you.
The orc priest calls down the wrath of Beogh upon you.
Beogh smites you!
* * * LOW HITPOINT WARNING * * *
A goblin comes into view. It is wielding a club.
Items here: %%% ( ))) ÷÷ † You butcher the goblin corpse.
Items here: %%%% ( ))) ÷÷ It was a potion of brilliance.
You feel clever all of a sudden.
You are starving!
The orc hits you but does no damage.
Eat a chunk of flesh? (ye/n/q)
You eat the chunk of flesh.
The goblin shouts!
The orc closely misses you.
You riposte.
You hit the orc but do no damage.
You tail-slap the orc, but do no damage.
The orc priest invokes the aid of Beogh against you.
Beogh smites you!
You die...

...%.# #....#
#....#
#....#####
#..>.....#
g.#.#.o......#
......o......#
#@)....#
#.)..(.#
#).!.^.#
##......#
#.......#
#.##+#### #.<#
##.# ..# #.##
#. ##


You could see an orc priest, an orc and a goblin.

Vanquished Creatures
  Robin (D:3)
  An adder (D:2)
  An ooze (D:1)
  3 leopard geckos (D:1)
  4 giant cockroaches
  12 goblins
  11 hobgoblins
  6 bats
  2 frilled lizards
  8 kobolds
  8 rats (D:1)
57 creatures vanquished.

Vanquished Creatures (others)
  A plant (D:1)
1 creature vanquished.

Grand Total: 58 creatures vanquished

Notes
Turn   | Place    | Note
-------+----------+-------------------------------------------
     0 | D:1      | zxpr0jk the Draconian Berserker began the quest for the Orb.
     0 | D:1      | Reached XP level 1. HP: 19/19 MP: 1/1
   209 | D:1      | Reached XP level 2. HP: 26/26 MP: 2/2
   533 | D:1      | Reached ** piety under Trog
   643 | D:1      | Reached skill level 1 in Shields
   886 | D:1      | Reached XP level 3. HP: 31/31 MP: 3/3
  1439 | D:2      | Found a bloodstained altar of Trog.
  1716 | D:3      | Noticed Robin
  1727 | D:3      | Killed Robin
  1727 | D:3      | Reached XP level 4. HP: 36/38 MP: 4/4
  1755 | D:3      | Killed from afar by an orc priest

Vault maps used:
D:1:      lightli_iron_boxes, serial_co_window_serial, co_window_paths_a,
          co_window_paths_b, co_window_corner_a, co_window_paths_a,
          co_window_of_opportunity_a, co_window_of_opportunity_a,
          co_window_cross_1, co_window_corner_a, co_window_paths_b,
          co_window_2corner, co_window_unsneaky_path_d, co_window_paths_c,
          co_window_4corner_b, co_window_4corner_a, glass_columns_c,
          glass_columns_a, glass_columns_a, lexackson_kobold_supper
D:2:      minmay_misc_feat_tower, trog_three_pillars_becter
D:3:      overflow_temple_1_default, nicolae_overflow_crystal_walls,
          first_bread, uniq_robin

Skill      XL: |  1  2  3 |
---------------+----------+-----
Dodging        | 3 |  3.8
Shields        | 1 2 |  2.2
Fighting       | |  3.2
Long Blades    | |  3.3

Action                   |  1- 3 |  4- 6 || total
-------------------------+-------+-------++-------
Melee: Falchion          |   118 |    14 ||   132
       Tailslap          |    10 |     2 ||    12
Invok: Berserk           |     1 |       ||     1
  Use: Potion            |       |     1 ||     1
 Stab: Sleeping          |     1 |       ||     1
  Eat: Beef jerky        |     1 |       ||     1
Armor: Skin              |    45 |     6 ||    51
Dodge: Dodged            |    97 |    15 ||   112
Block: Buckler           |    19 |     2 ||    21
       Rpst.: Falchion   |    24 |     6 ||    30
